 Dungeon Crawl Stone Soup version 0.30-a0-920-g7493c07aab (webtiles) character file.

Game seed: 11193979587227678743

4821 bobarctor the Thaumaturge (level 10, -1/63 HPs)
             Began as a Demonspawn Necromancer on Mar 21, 2023.
             Was a Follower of Kikubaaqudgha.
             Slain by a gargoyle
             ... wielding a +2 flail of holy wrath
              (5 damage)
             ... on level 9 of the Dungeon.
             The game lasted 00:42:14 (9028 turns).

bobarctor the Thaumaturge (Demonspawn Necromancer)  Turns: 9028, Time: 00:42:14

Health: -1/63      AC: 14    Str:  9    XL:     10   Next: 24%
Magic:  19/24      EV: 13    Int: 27    God:    Kikubaaqudgha [*.....]
Gold:   268        SH:  0    Dex: 13    Spells: 13/29 levels left

rFire   . . .      SeeInvis .    j - +3 short sword (freeze)
rCold   . . .      Faith    .    (no shield)
rNeg    . . .      Spirit   .    v - +1 troll leather armour {Pargi}
rPois   .          Reflect  .    n - +0 helmet
rElec   .          Rampage  .    G - +0 cloak
rCorr   .                        (no gloves)
Will    .....                    H - +1 pair of boots
Stlth   ++                       r - amulet of regeneration
HPRegen 1.90/turn                p - +6 ring of intelligence
MPRegen 0.19/turn                B - +4 ring of protection

@: animating dead
A: hooves 1, powered by death 2, weakness stinger 2, demonic touch 1
a: Renounce Religion, Unearth Wretches


You were on level 9 of the Dungeon.
You worshipped Kikubaaqudgha.
Kikubaaqudgha was aware of your devotion.
You visited 2 branches of the dungeon, and saw 10 of its levels.
You also visited: Sewer.

You collected 471 gold pieces.
You spent 203 gold pieces at shops.

Inventory:

Hand Weapons
 j - a +3 short sword of freezing (weapon)
 k - a +2 mace of pain
 A - a +2 dagger of venom
 C - a +0 dagger of electrocution
 E - a +2 quarterstaff of chaos
 F - a +0 whip of electrocution
 M - a +3 dagger
Missiles
 a - 3 javelins
 e - 6 poisoned darts
 u - a throwing net
 y - 4 boomerangs
Armour
 c - a +0 cloak
 n - a +0 helmet (worn)
 q - a +0 leather armour of cold resistance
 v - a +1 troll leather armour (worn) {Pargi}
 G - a +0 cloak (worn)
 H - a +1 pair of boots (worn)
 L - a +2 robe of positive energy
Jewellery
 p - a +6 ring of intelligence (left hand)
 r - an amulet of regeneration (around neck)
 B - a +4 ring of protection (right hand)
Wands
 f - a wand of iceblast (3)
 h - a wand of flame (35)
 x - a wand of charming (5)
 N - a wand of quicksilver (4)
Scrolls
 g - 5 scrolls of magic mapping
 o - 2 scrolls of teleportation
 t - 2 scrolls of blinking
 z - 2 scrolls of enchant armour
 J - a scroll of fog {unknown}
 K - a scroll of enchant weapon {unknown}
Potions
 b - 4 potions of magic
 d - 7 potions of curing
 i - 5 potions of heal wounds
 l - 2 potions of brilliance
 m - a potion of berserk rage
 s - a potion of attraction
 w - 3 potions of haste {unknown}
 D - a potion of might {unknown}
 I - 4 potions of flight


   Skills:
 + Level 4.4 Armour
 + Level 4.4 Dodging
 + Level 4.1 Stealth
 * Level 10.4 Spellcasting
 + Level 8.4 Necromancy


You had 13 spell levels left.
You knew the following spells:

 Your Spells              Type           Power      Damage    Failure   Level
a - Necrotise             Necr           100%       1d9       1%          1
b - Vampiric Draining     Necr           56%        2d10      1%          3
c - Agony                 Necr           56%        N/A       4%          5
d - Animate Dead          Necr           56%        N/A       1%          4
e - Kiss of Death         Conj/Necr      100%       2d13      1%          1
f - Cigotuvi's Dreadful   Necr/Pois/Air  58%        N/A       2%          2

Your spell library contained the following spells:

 Spells                   Type           Power      Damage    Failure   Level


Dungeon Overview and Level Annotations

Branches:
Dungeon (9/15)             Temple (1/1) D:4            Lair (0/5) D:8
  Sewer (visited)
    Orc: D:9-12

Altars:
Ashenzari
Cheibriados
Fedhas
Gozag
Hepliaklqana
Kikubaaqudgha
Makhleb
Nemelex Xobeh
Okawaru
Qazlal
Ru
Trog
Uskayaw
Vehumet
Wu Jian
Xom
Yredelemnul

Shops:
D:1 ?


Innate Abilities, Weirdness & Mutations

You have large cloven feet.
You regenerate health from kills.
You have a tail ending in a sharp stinger.
Your touch may inflict minor irresistible damage on your foes.


Message History

Kikubaaqudgha will no longer protect you from necromantic miscasts or death curses.
An endoplasm and a boulder beetle come into view.
Casting: Vampiric Draining (safe; 1% risk of failure)
Confirm with . or Enter, or press ? or * to list all spells.
You call upon the dead to rise.
A nearby boulder beetle perishes wretchedly.
The dead are walking!
A nearby endoplasm perishes wretchedly.
The dead are walking!
There is a stone staircase leading up here.
There is an open door here.
The gargoyle barely misses you.
Your endoplasm zombie hits the gargoyle but does no damage.
You hit the gargoyle.
The gargoyle is lightly damaged.
The gargoyle hits you with a +2 flail of holy wrath!
You convulse!
Your endoplasm zombie closely misses the gargoyle.
Your +3 short sword of freezing glows with a cold blue light!
j - a +3 short sword of freezing (weapon)
The gargoyle hits you with a +2 flail of holy wrath.
You convulse.
You hit the gargoyle but do no damage.
You tail-slap the gargoyle, but do no damage.
The gargoyle is lightly damaged.
Your endoplasm zombie hits the gargoyle but does no damage.
The gargoyle hurls a stone arrow at you.
The stone arrow misses you.
The stone arrow hits your boulder beetle zombie!!
You hit the gargoyle. You freeze the gargoyle.
The gargoyle is lightly damaged.
Your endoplasm zombie hits the gargoyle but does no damage.
The gargoyle hits you with a +2 flail of holy wrath!
You convulse.
Unknown command.
The gargoyle attacks as you move away!
The gargoyle hits you with a +2 flail of holy wrath!!
* * * LOW HITPOINT WARNING * * *
You convulse.
You die...
Kikubaaqudgha rasps: "You have failed me!
Welcome... death!"

####+ #.......# #....
#.......##.# #.... .
#.......##.# #....
..#.......##.# #....
#.........##.#######....
#........##.##...#.....
#....ZZ..##.##.........
#....9@..##.##....#....
#...#+#'###.##...##....
##....#<#..............
#.......#.#...........#
#.####..#......#####.##
#.......>..### #.#
#.#####.##.# #.# #
#.##.# #.# #.##.# #.#


You could see a gargoyle (ally target), a friendly endoplasm zombie and a
friendly boulder beetle zombie.

Vanquished Creatures
  Pikel (D:7)
  Maurice (D:8)
  A komodo dragon (D:8)
  An unseen horror (D:7)
  A troll (D:7)
  Grum (D:8)
  A steam dragon (D:6)
  Menkaure (D:7)
  An acid dragon (D:8)
  Pargi (D:3)
  An orc warrior (D:8)
  Duvessa (D:7)
  A sky beast (D:7)
  4 ogres
  2 wolves (D:8)
  A centaur (D:6)
  A kobold brigand (D:7)
  2 bullfrogs
  3 scorpions
  4 wights (D:8)
  Dowan (D:7)
  4 killer bees (D:8)
  2 howler monkeys
  3 orc priests
  3 jellies
  A hound (D:7)
  A gnoll bouda (D:8)
  4 iguanas
  A sleepcap (D:6)
  Crazy Yiuf (D:7)
  Natasha (twice) (D:2)
  6 orc wizards
  Robin (D:2)
  12 gnolls
  A river rat (D:3)
  10 adders
  A shadow imp (D:6)
  3 white imps
  5 worms
  4 dart slugs
  23 orcs
  10 ball pythons
  6 endoplasms
  6 giant cockroaches
  16 goblins
  5 hobgoblins
  7 jackals
  4 quokkas
  8 bats
  8 frilled lizards
  10 kobolds
  3 rats
202 creatures vanquished.

Vanquished Creatures (collateral kills)
  A giant cockroach (Sewer)
  A goblin (D:1)
  A jackal (D:1)
  A quokka (Sewer)
  2 frilled lizards (Sewer)
  A rat (D:2)
7 creatures vanquished.

Vanquished Creatures (others)
  A boulder beetle (D:9)
  An orc (D:8)
  An endoplasm (D:9)
  2 fungi (D:7)
  38 plants (D:8)
  A withered plant (D:1)
44 creatures vanquished.

Grand Total: 253 creatures vanquished

Notes
Turn   | Place    | Note
-------+----------+-------------------------------------------
     0 | D:1      | bobarctor the Demonspawn Necromancer began the quest for
                  | the Orb.
     0 | D:1      | Reached XP level 1. HP: 13/13 MP: 3/3
   201 | D:1      | Discovered your monstrous ancestry.
   201 | D:1      | Gained mutation: You have a small tail. [demonic ancestry]
   201 | D:1      | Reached XP level 2. HP: 19/19 MP: 3/5
   409 | D:1      | Found Paoff's Magic Scroll Shop.
   599 | D:1      | Found a faded altar of an unknown god.
   788 | D:1      | Gained mutation: Your touch may inflict minor irresistible
                  | damage on your foes. [demonic ancestry]
   788 | D:1      | Reached XP level 3. HP: 24/24 MP: 0/6
   982 | D:2      | Learned a level 3 spell: Vampiric Draining
   989 | D:2      | Reached skill level 5 in Necromancy
  1144 | D:2      | Noticed Natasha
  1154 | D:2      | Killed Natasha
  1155 | D:2      | Reached skill level 3 in Spellcasting
  1264 | D:2      | Gained mutation: You have a tail ending in a sharp stinger.
                  | [demonic ancestry]
  1264 | D:2      | Reached XP level 4. HP: 30/30 MP: 5/8
  1321 | D:2      | Noticed Robin
  1327 | D:2      | Noticed Natasha
  1352 | D:2      | Killed Robin
  1357 | D:2      | Killed Natasha
  1634 | D:2      | Gained mutation: You have large cloven feet. [demonic
                  | ancestry]
  1634 | D:2      | Reached XP level 5. HP: 33/35 MP: 6/10
  2051 | D:3      | Reached skill level 4 in Spellcasting
  2106 | D:3      | Found a glowing drain.
  2126 | Sewer    | Entered a sewer
  2181 | Sewer    | Learned a level 5 spell: Agony
  2390 | Sewer    | Reached XP level 6. HP: 35/41 MP: 12/12
  2788 | D:3      | Reached skill level 5 in Spellcasting
  2881 | D:3      | Noticed Pargi
  2896 | D:3      | Learned a level 4 spell: Animate Dead
  2903 | D:3      | Killed Pargi
  3760 | D:4      | Reached XP level 7. HP: 46/46 MP: 13/15
  3872 | D:4      | Reached skill level 6 in Spellcasting
  3929 | D:4      | Found a broken altar of Ashenzari.
  4114 | D:4      | Found a staircase to the Ecumenical Temple.
  4119 | Temple   | Entered the Ecumenical Temple
  4790 | D:5      | Entered Level 5 of the Dungeon
  4957 | D:5      | Found a radiant altar of Vehumet.
  5082 | D:1      | Bought a scroll of identify for 28 gold pieces
  5082 | D:1      | Bought a scroll of teleportation for 42 gold pieces
  5082 | D:1      | Bought a scroll of identify for 28 gold pieces
  5082 | D:1      | Bought a scroll of magic mapping for 105 gold pieces
  5168 | D:5      | Found a burning altar of Makhleb.
  5297 | D:5      | Found an ancient bone altar of Kikubaaqudgha.
  5317 | D:5      | Reached skill level 1 in Armour
  5331 | D:5      | Became a worshipper of Kikubaaqudgha
  5715 | D:5      | Reached XP level 8. HP: 48/52 MP: 16/18
  5917 | D:6      | Reached skill level 7 in Spellcasting
  6133 | D:6      | Found a hide-covered altar of Uskayaw.
  6161 | D:6      | Reached * piety under Kikubaaqudgha
  6161 | D:6      | Received a gift from Kikubaaqudgha
  6164 | D:6      | Learned a level 1 spell: Kiss of Death
  6167 | D:6      | Learned a level 2 spell: Cigotuvi's Dreadful Rot
  6727 | D:6      | Found a sacrificial altar of Ru.
  6727 | D:6      | Found a blossoming altar of Fedhas.
  7018 | D:7      | Noticed Dowan
  7019 | D:7      | Noticed Duvessa
  7036 | D:7      | Killed Dowan
  7046 | D:7      | Killed Duvessa
  7066 | D:7      | Reached skill level 8 in Spellcasting
  7066 | D:7      | Gained mutation: You regenerate a little health from kills.
                  | [demonic ancestry]
  7066 | D:7      | Reached XP level 9. HP: 56/57 MP: 6/21
  7102 | D:7      | Killed an unseen horror
  7218 | D:7      | Noticed Menkaure
  7226 | D:7      | Killed Menkaure
  7299 | D:7      | Noticed a troll
  7315 | D:7      | Killed a troll
  7456 | D:7      | Found a shimmering altar of Xom.
  7522 | D:7      | Reached skill level 9 in Spellcasting
  7931 | D:7      | Found a runed translucent door.
  7932 | D:7      | Noticed Crazy Yiuf
  7932 | D:7      | Noticed Pikel
  7938 | D:7      | Killed Crazy Yiuf
  7945 | D:7      | Killed Pikel
  8235 | D:8      | Noticed Maurice
  8274 | D:8      | Killed Maurice
  8304 | D:8      | Reached ** piety under Kikubaaqudgha
  8355 | D:8      | Reached skill level 10 in Spellcasting
  8359 | D:8      | Gained mutation: You regenerate health from kills. [demonic
                  | ancestry]
  8359 | D:8      | Reached XP level 10. HP: 63/63 MP: 24/24
  8386 | D:8      | Noticed Grum
  8402 | D:8      | Found a stormy altar of Qazlal.
  8414 | D:8      | Killed Grum
  8932 | D:8      | Found a staircase to the Lair.
  9015 | D:9      | Noticed a gargoyle
  9028 | D:9      | Slain by a gargoyle

Illustrated notes

Levels and vault maps discovered:
D:1:      sevenhm_arrival_forest_fort_small_3, layout_rooms, serial_shops,
          nicolae_shop_behind_doors, ebering_ecumenical_altar_petrified,
          minmay_box_of_dots
D:2:      layout_basic, uniq_natasha, uniq_robin
D:3:      layout_basic, portal_sewer_entry_a, chequers_serial_rivers_micro_c,
          minmay_misc_feat_enclosed, uniq_pargi
D:4:      layout_basic, evilmike_ruin_ashenzari,
          minmay_temple_entry_glassed_door, kennysheep_cross_room
D:5:      layout_cave_pods, mainiacjoe_overflow_catwalk,
          mainiacjoe_overflow_surrounded_room, lemuel_tele_altar
D:6:      layout_loops_corners, old_standard_altar,
          nicolae_elyvilon_temple_path, nicolae_overflow_two_pavilions,
          general_overflow_altar
D:7:      layout_loops_ring, mainiacjoe_overflow_paths, minivault_24,
          uniq_duvessa, uniq_crazy_yiuf_cottage, uniq_menkaure, uniq_pikel
D:8:      layout_basic, nicolae_qazlal_scattered_showers, david_lair_shrubbed,
          uniq_grum, uniq_maurice
D:9:      layout_basic, mainiacjoe_overflow_24_doors, orc_0_dummy
Temple:   hellmonk_temple_beads

Skill      XL: |  1  2  3  4  5  6  7  8  9 10 |
---------------+-------------------------------+-----
Dodging        | 2 3 4 |  4.4
Necromancy     | 5 6 7 8 |  8.4
Spellcasting   | 3 4 5 6 8 10 | 10.4
Stealth        | 2 3 4 |  4.1
Armour         | 1 3 4 |  4.4

Action                     |  1- 3 |  4- 6 |  7- 9 | 10-12 || total
---------------------------+-------+-------+-------+-------++-------
  Melee: Whip              |    10 |       |       |       ||    10
         Short sword       |    11 |    73 |    41 |     2 ||   127
         Tailslap          |     2 |    17 |    45 |     7 ||    71
         Punch             |     1 |       |     2 |       ||     3
         Touch             |     1 |    11 |    46 |     8 ||    66
         Kick              |       |    14 |    54 |       ||    68
         Mace              |       |    27 |    71 |    75 ||   173
         Dagger            |       |       |   130 |       ||   130
  Throw: Dart              |       |       |     1 |       ||     1
   Cast: Necrotise         |    51 |    44 |    34 |     3 ||   132
         Vampiric Draining |     2 |     4 |    22 |     3 ||    31
         Agony             |       |     2 |       |       ||     2
         Cigotuvi's Dreadf |       |       |     1 |       ||     1
         Animate Dead      |       |       |       |     1 ||     1
 Invoke: Unearth Wretches  |       |       |       |     1 ||     1
    Use: Scroll            |       |    10 |     5 |       ||    15
   Stab: Sleeping          |       |     2 |     6 |       ||     8
         Distracted        |       |     1 |       |       ||     1
 Armour: Robe              |     5 |    20 |       |       ||    25
         Troll leather arm |       |    10 |   102 |    53 ||   165
  Dodge: Dodged            |    29 |    68 |   142 |    76 ||   315

Table legend: (Time is in decaauts)
 A = Elapsed time spent in this place.
 B = Non-inter-level travel time spent in this place.
 C = Inter-level travel time spent in this place.
 D = Time resting spent in this place.
 E = Time spent auto-exploring this place.
 F = Levels seen in this place.
 G = Mean time per level.
                   A        B        C        D        E       F      G
               +--------+--------+--------+--------+--------+-----+--------+
         Total |   9186 |   8669 |    517 |   1120 |   5541 |  11 |  835.1 |
       Dungeon |   8370 |   7863 |    507 |   1050 |   5050 |   9 |  930.0 |
        Temple |    115 |    105 |     10 |      0 |     90 |   1 |  115.0 |
         Sewer |    700 |    700 |      0 |     70 |    400 |   1 |  700.0 |
               +--------+--------+--------+--------+--------+-----+--------+

Top non-repeatable levels by time:
     D:3: 1192 daAuts
     D:2: 1155 daAuts
     D:7: 1050 daAuts
     D:5: 1036 daAuts
     D:6: 1027 daAuts
     D:4: 992 daAuts
     D:8: 968 daAuts
     D:1: 899 daAuts
   Sewer: 700 daAuts
  Temple: 115 daAuts
     D:9: 48 daAuts
